 Dungeon Crawl Stone Soup version 0.28.0-53-g5a82cb258f (webtiles) character file.

Game seed: 5017987659616477027

408 firemarshallily the Cudgeller (level 6, 0/56 HPs)
             Began as a Minotaur Gladiator on June 14, 2022.
             Was a Believer of Kikubaaqudgha.
             Slain by an ice beast (1 damage)
             ... on level 5 of the Dungeon.
             The game lasted 00:09:40 (4150 turns).

firemarshallily the Cudgeller (Minotaur Gladiator)  Turns: 4150, Time: 00:09:41

Health: 0/56       AC:  5    Str: 24 (27) XL:     6   Next: 57%
Magic:  0/5        EV: 12    Int:  6 (9)  God:    Kikubaaqudgha [**....]
Gold:   217        SH:  0    Dex: 10 (11) Spells: 4/5 levels left

rFire   . . .      SeeInvis .   a - +0 flail
rCold   . . .      Faith    .   (no shield)
rNeg    . . .      Spirit   +   b - +0 leather armour
rPois   .          Reflect  .   c - +1 hat
rElec   .          Harm     .   j - +0 cloak
rCorr   .          Rampage  .   (no gloves)
Will    .....      Rage     1%  (no boots)
Stlth   +.........              g - amulet of guardian spirit
HPRegen 0.18/turn               q - +6 ring of strength
MPRegen 0.09/turn               (no ring)

@: mighty
A: horns 2, retaliatory headbutt, berserk 1, clever 2
a: Renounce Religion, Receive Corpses


You were on level 5 of the Dungeon.
You worshipped Kikubaaqudgha.
Kikubaaqudgha was pleased with you.
You visited 1 branch of the dungeon, and saw 5 of its levels.

You collected 217 gold pieces.

Inventory:

Hand Weapons
 a - a +0 flail (weapon)
Missiles
 d - 3 throwing nets
 f - 116 stones (quivered)
Armour
 b - a +0 leather armour (worn)
 c - a +1 hat (worn)
 j - a +0 cloak (worn)
Jewellery
 g - an amulet of guardian spirit (around neck)
 q - a +6 ring of strength (left hand)
Scrolls
 k - a scroll of fear
 l - a scroll of identify
 n - a scroll of teleportation
Potions
 e - a potion of might
 h - a potion of invisibility


   Skills:
 + Level 5.2 Fighting
 + Level 5.9 Maces & Flails
 - Level 2.0 Throwing
 + Level 3.8 Armour
 - Level 4.0 Dodging


You had 4 spell levels left.
You knew the following spells:

 Your Spells              Type           Power      Damage    Failure   Level
a - Animate Skeleton      Necr           0%         N/A       50%         1

Your spell library contained the following spells:

 Spells                   Type           Power      Damage    Failure   Level
 Corpse Rot               Necr/Air       0%         N/A       63%         2
 Sublimation of Blood     Necr           0%         N/A       63%         2
 Call Canine Familiar     Summ           0%         N/A       86%         3
 Portal Projectile        Hex/Tloc       0%         N/A       86%         3
 Leda's Liquefaction      Hex/Erth       0%         N/A       99%         4
 Agony                    Necr           0%         N/A       100%        5


Dungeon Overview and Level Annotations

Branches:
Dungeon (5/15)
 Temple: D:4-7

Altars:
Dithmenos
Gozag
Kikubaaqudgha
Xom
Yredelemnul


Innate Abilities, Weirdness & Mutations

You have a pair of horns on your head.
You reflexively headbutt those who attack you in melee.
You tend to lose your temper in combat.
Your mind is very acute. (Int +4)


Message History

The quokka completely misses you. The quokka barely misses you.
The scorpion stings you.
* * * LOW HITPOINT WARNING * * *
You're too confused to move!
You feel sick. The scorpion closely misses you. The quokka barely misses you.
You bump into the rock wall.
You feel sick.
The scorpion stings you but does no damage.
The quokka barely misses you.
You sock the quokka!
You kill the quokka!
Kikubaaqudgha accepts your kill.
You feel sick. The scorpion barely misses you. x2
You sock the scorpion!
You kill the scorpion!
Kikubaaqudgha accepts your kill.
You feel sick.
You are no longer poisoned.
You bump into the rock wall.
The ice beast hits you. The ice beast freezes you!
* * * LOW HITPOINT WARNING * * *
The scorpion zombie closely misses you.
You bump into the rock wall.
You feel less invigorated.
You feel less confused. The ice beast closely misses you.
The scorpion zombie barely misses you.
You thump the ice beast!
The ice beast is moderately wounded.
The ice beast misses you. You furiously retaliate!
You headbutt the ice beast! The scorpion zombie hits you.
* * * LOW HITPOINT WARNING * * *
You closely miss the ice beast.
The ice beast is almost dead.
The ice beast hits you.
* * * LOW HITPOINT WARNING * * *
The ice beast freezes you.
* * * LOW HITPOINT WARNING * * *
The scorpion zombie barely misses you.
You barely miss the ice beast. Your headbutt misses the ice beast.
The ice beast is almost dead.
The ice beast hits you.
You die...
Kikubaaqudgha rasps: "You have failed me!
Welcome... death!"

##.........#
##..........#
...........#
.).........
........
..... #YZ#
##@# #..#
##.## #..#
##.## #.##
##.# #.##
##.#


You could see an ice beast and a scorpion zombie.

Vanquished Creatures
  A scorpion (D:5)
  A howler monkey (D:5)
  A gnoll shaman (D:4)
  A hound (D:3)
  A scorpion zombie (D:5)
  2 iguanas (D:5)
  An orc wizard (D:3)
  5 gnolls
  3 adders
  A worm (D:4)
  A dart slug (D:3)
  4 orcs (D:3)
  8 endoplasms
  4 giant cockroaches
  3 goblins
  3 hobgoblins
  4 jackals (D:3)
  9 kobolds
  3 quokkas
  7 ball pythons
  7 bats
  3 frilled lizards (D:1)
  5 rats
78 creatures vanquished.

Vanquished Creatures (others)
  2 plants (D:1)
2 creatures vanquished.

Grand Total: 80 creatures vanquished

Notes
Turn   | Place    | Note
-------+----------+-------------------------------------------
     0 | D:1      | firemarshallily the Minotaur Gladiator began the quest for
                  | the Orb.
     0 | D:1      | Reached XP level 1. HP: 18/18 MP: 0/0
   375 | D:1      | Reached XP level 2. HP: 24/25 MP: 1/1
   642 | D:1      | Found a faded altar of an unknown god.
   646 | D:1      | Prayed at the altar of an unknown god.
   646 | D:1      | Became a worshipper of Kikubaaqudgha
   646 | D:1      | Reached * piety under Kikubaaqudgha
   646 | D:1      | Received a gift from Kikubaaqudgha
   649 | D:1      | Learned a level 1 spell: Animate Skeleton
  1079 | D:2      | Reached XP level 3. HP: 31/31 MP: 2/2
  1937 | D:3      | Found a large runed translucent door.
  1937 | D:3      | Found a large runed translucent door.
  1981 | D:3      | Reached skill level 1 in Armour
  1981 | D:3      | Reached XP level 4. HP: 30/40 MP: 1/3
  2270 | D:3      | Found a shimmering altar of Xom.
  2546 | D:3      | Reached ** piety under Kikubaaqudgha
  2602 | D:3      | Reached XP level 5. HP: 46/46 MP: 4/4
  2616 | D:3      | Reached skill level 5 in Maces & Flails
  3215 | D:4      | Found a basalt altar of Yredelemnul.
  3793 | D:4      | Found an opulent altar of Gozag.
  3841 | D:4      | Found a shadowy altar of Dithmenos.
  3950 | D:4      | Noticed an orc warrior
  3996 | D:5      | Entered Level 5 of the Dungeon
  4129 | D:5      | Reached XP level 6. HP: 40/55 MP: 3/5
  4130 | D:5      | Reached skill level 5 in Fighting
  4135 | D:5      | HP: 2/56 [iguana (5)]
  4135 | D:5      | Noticed an ice beast
  4138 | D:5      | Gained mutation: Your mind is acute. (Int +2) [potion of
                  | mutation]
  4138 | D:5      | Gained mutation: You tend to lose your temper in combat.
                  | [potion of mutation]
  4138 | D:5      | Gained mutation: Your mind is very acute. (Int +4) [potion
                  | of mutation]
  4141 | D:5      | HP: 2/56 [scorpion (2)]
  4149 | D:5      | HP: 1/56 [ice beast (4)]
  4150 | D:5      | Slain by an ice beast

Illustrated notes

Levels and vault maps discovered:
D:1:      sevenhm_arrival_forest_fort_small_5, layout_rooms,
          hellmonk_ecumenical_altar_heavens_door, minmay_misc_feat_encased,
          minmay_shallow_snake_nest
D:2:      layout_loops_corners, minmay_misc_feat_rows
D:3:      due_chaos_kobolds, layout_loops_ring
D:4:      layout_basic, yredelemnul_altar_generic, mainiacjoe_overflow_two_lobes
D:5:      layout_cave_pods

Skill      XL: |  1  2  3  4  5  6 |
---------------+-------------------+-----
Maces & Flails | 4 5 |  5.9
Fighting       | 3 4 5 |  5.2
Dodging        | 4 |  4.0
Armour         | 1 2 3 |  3.8
Throwing       | |  2.0

Action                   |  1- 3 |  4- 6 || total
-------------------------+-------+-------++-------
Melee: Flail             |    83 |    87 ||   170
       Headbutt          |     9 |    17 ||    26
       Punch             |       |     6 ||     6
  Use: Scroll            |     3 |     4 ||     7
       Potion            |       |     8 ||     8
 Stab: Sleeping          |     1 |       ||     1
Armor: Leather armour    |    31 |    28 ||    59
Dodge: Dodged            |    61 |    88 ||   149
